NCAA
UTAH UTES @ ARIZONA STATE SUN DEVILS
05/06/2023
 
TOP OF THE 1ST
Utah Utes batting - Pitching for Arizona State Sun Devils : LHP Andrew Caine
Pitching: LHP Andrew Caine
Batting: RHB Octávio Marín 0-0: Called Strike
0-1: Fly out, F9 (Line Drive, 89M)
Batting: RHB Hunter Plunket 0-0: Swinging Strike
0-1: SINGLE (Groundball, 6MD)
Batting: LHB Felipe Valino 0-0: Swinging Strike
0-1: Ball
1-1: Foul Ball, location: 2F
1-2: Strikes out looking
Batting: LHB Max Hoskins 0-0: Ball
1-0: Ball
2-0: Foul Ball, location: 2F
2-1: Foul Ball, location: 2F
2-2: Foul Ball, location: 2F
2-2: Strikes out swinging
Top of the 1st over - 0 run(s), 1 hit(s), 0 error(s), 1 left on base; Utah 0 - Arizona State 0
BOTTOM OF THE 1ST
Arizona State Sun Devils batting - Pitching for Utah Utes : RHP Reynaldo Franco
Pitching: RHP Reynaldo Franco
Batting: LHB Derrick Simpson 0-0: Foul Ball, location: 2F
0-1: Bunted foul
0-2: DOUBLE (Groundball, 3L)
Batting: RHB Lance Rodríguez 0-0: Ball
1-0: Ball
2-0: Called Strike
2-1: Ball
3-1: Base on Balls
Batting: LHB Bill Frazier 0-0: Ball
1-0: Ball
2-0: Called Strike
2-1: Ball
3-1: Called Strike
3-2: Base on Balls
Derrick Simpson to third
Lance Rodríguez to second
Batting: RHB Larry Booth 0-0: Ball
1-0: Ball
2-0: Ball
3-0: Base on Balls
Derrick Simpson scores
Lance Rodríguez to third
Bill Frazier to second
Batting: RHB Jeffrey Hicks 0-0: Ball
1-0: Ball
2-0: Ball
3-0: Called Strike
3-1: Base on Balls
Lance Rodríguez scores
Bill Frazier to third
Larry Booth to second
Batting: RHB Tom Hicks 0-0: Foul Ball, location: 2F
0-1: Ball
1-1: Swinging Strike
1-2: Ball
2-2: Foul Ball, location: 2F
2-2: Fly out, F7 (Line Drive, 78M)
Runner from 3rd tags up, OUT at HOME
Larry Booth to third
Jeffrey Hicks to second
Batting: RHB Michael Fisher 0-0: Ball
1-0: Fly out, F4 (Popup, 4)
Bottom of the 1st over - 2 run(s), 1 hit(s), 0 error(s), 2 left on base; Utah 0 - Arizona State 2
TOP OF THE 2ND
Utah Utes batting - Pitching for Arizona State Sun Devils : LHP Andrew Caine
Batting: LHB Phil Cantrell 0-0: Ball
1-0: Swinging Strike
1-1: Ball
2-1: SINGLE (Line Drive, 8LS)
Batting: LHB William Butler 0-0: Foul Ball, location: 2F
0-1: Grounds into double play, U6-3 (Groundball, 6)
Batting: RHB Roy Baker 0-0: Called Strike
0-1: Ball
1-1: Called Strike
1-2: Strikes out swinging
Top of the 2nd over - 0 run(s), 1 hit(s), 0 error(s), 0 left on base; Utah 0 - Arizona State 2
BOTTOM OF THE 2ND
Arizona State Sun Devils batting - Pitching for Utah Utes : RHP Reynaldo Franco
Batting: RHB Geoff Jackson 0-0: Foul Ball, location: 2F
0-1: Ball
1-1: Ball
2-1: Ball
3-1: Foul Ball, location: 2F
3-2: Base on Balls
Batting: RHB Dave King 0-0: Foul Ball, location: 2F
0-1: Called Strike
0-2: Foul Ball, location: 2F
0-2: Ball
1-2: Foul Ball, location: 2F
1-2: Strikes out swinging
Batting: LHB Derrick Simpson 0-0: Fly out, F8 (Flyball, 8LD)
Batting: RHB Lance Rodríguez 0-0: Ball
1-0: Foul Ball, location: 2F
1-1: Foul Ball, location: 2F
1-2: Foul Ball, location: 2F
1-2: Ball
2-2: Foul Ball, location: 2F
2-2: Ball
3-2: Foul Ball, location: 2F
3-2: Hit by Pitch
Geoff Jackson to second
Batting: LHB Bill Frazier 0-0: Swinging Strike
0-1: Foul Ball, location: 2F
0-2: Strikes out looking
Bottom of the 2nd over - 0 run(s), 0 hit(s), 0 error(s), 2 left on base; Utah 0 - Arizona State 2
TOP OF THE 3RD
Utah Utes batting - Pitching for Arizona State Sun Devils : LHP Andrew Caine
Batting: SHB George Wilder 0-0: Called Strike
0-1: Foul Ball, location: 2F
0-2: Foul Ball, location: 2F
0-2: Ball
1-2: Foul Ball, location: 2F
1-2: Strikes out swinging
Batting: RHB Danny Spode 0-0: Foul Ball, location: 2F
0-1: SOLO HOME RUN (Line Drive, 7D), Distance : 363 ft
Batting: RHB Octávio Marín 0-0: Called Strike
0-1: Ball
1-1: Ball
2-1: SINGLE (Groundball, 5D)
Batting: RHB Hunter Plunket 0-0: Ball
Octávio Marín steals 2nd base
1-0: Ball
2-0: Called Strike
2-1: Swinging Strike
2-2: Strikes out looking
Batting: LHB Felipe Valino 0-0: Called Strike
0-1: Called Strike
0-2: Strikes out swinging
Top of the 3rd over - 1 run(s), 2 hit(s), 0 error(s), 1 left on base; Utah 1 - Arizona State 2
BOTTOM OF THE 3RD
Arizona State Sun Devils batting - Pitching for Utah Utes : RHP Reynaldo Franco
Batting: RHB Larry Booth 0-0: Ball
1-0: Ball
2-0: SINGLE (Groundball, 34D) (infield hit)
Batting: RHB Jeffrey Hicks 0-0: Called Strike
0-1: Ball
1-1: Ball
2-1: Ball
3-1: Called Strike
3-2: Foul Ball, location: 2F
3-2: Grounds into double play, 1-6-3 (Groundball, 13S)
Batting: RHB Tom Hicks 0-0: SINGLE (Line Drive, 89S)
Batting: RHB Michael Fisher 0-0: Ball
1-0: Called Strike
1-1: Called Strike
1-2: Ball
2-2: Strikes out swinging
Bottom of the 3rd over - 0 run(s), 2 hit(s), 0 error(s), 1 left on base; Utah 1 - Arizona State 2
TOP OF THE 4TH
Utah Utes batting - Pitching for Arizona State Sun Devils : LHP Andrew Caine
Batting: LHB Max Hoskins 0-0: Ball
1-0: Called Strike
1-1: SOLO HOME RUN (Flyball, 9D), Distance : 364 ft
Batting: LHB Phil Cantrell 0-0: Ground out 2-3 (Groundball, 25)
Batting: LHB William Butler 0-0: Called Strike
0-1: Ball
1-1: Foul Ball, location: 2F
1-2: Ball
2-2: Strikes out swinging
Batting: RHB Roy Baker 0-0: Called Strike
0-1: Foul Ball, location: 2F
0-2: Strikes out swinging
Top of the 4th over - 1 run(s), 1 hit(s), 0 error(s), 0 left on base; Utah 2 - Arizona State 2
BOTTOM OF THE 4TH
Arizona State Sun Devils batting - Pitching for Utah Utes : RHP Reynaldo Franco
Batting: RHB Geoff Jackson 0-0: Foul Ball, location: 2F
0-1: Ball
1-1: Foul Ball, location: 2F
1-2: SINGLE (Groundball, 4MD)
Batting: RHB Dave King 0-0: Ball
1-0: Ball
2-0: Foul Ball, location: 2F
2-1: Foul Ball, location: 2F
2-2: SINGLE (Line Drive, 4D)
Geoff Jackson to second
Pitching: LHP Dave Elliott
Batting: LHB Derrick Simpson 0-0: Called Strike
0-1: Ball
1-1: DOUBLE (Flyball, 89XD)
Geoff Jackson scores
Dave King to third
Batting: RHB Lance Rodríguez 0-0: Ball
1-0: Ball
2-0: Called Strike
2-1: Fly out, F8 (Line Drive, 8RM)
Runner from 3rd tags up, SCORES, throw made
Batting: LHB Bill Frazier 0-0: Ball
1-0: Called Strike
1-1: SINGLE (Flyball, 8RS)
Derrick Simpson to third
Runner from 3rd tries for Home, SAFE, no throw or cutoff
Batting: RHB Larry Booth 0-0: Fly out, F4 (Popup, 4MD)
Batting: RHB Jeffrey Hicks 0-0: Ball
1-0: Called Strike
1-1: Swinging Strike
1-2: Ball
Passed Ball!
Bill Frazier to second
2-2: Ball
3-2: Fly out, F9 (Flyball, 89M)
Bottom of the 4th over - 3 run(s), 4 hit(s), 0 error(s), 1 left on base; Utah 2 - Arizona State 5
TOP OF THE 5TH
Utah Utes batting - Pitching for Arizona State Sun Devils : LHP Andrew Caine
Batting: SHB George Wilder 0-0: Called Strike
0-1: Foul Ball, location: 2F
0-2: Foul Ball, location: 2F
0-2: Ground out 4-3 (Groundball, 4)
Batting: RHB Danny Spode 0-0: Called Strike
0-1: Ball
1-1: Ball
2-1: Fly out, F7 (Line Drive, 7M)
Batting: RHB Octávio Marín 0-0: Called Strike
0-1: SINGLE (Groundball, 6MD)
Batting: RHB Hunter Plunket 0-0: Ball
1-0: Foul Ball, location: 2F
1-1: Ball
2-1: Swinging Strike
2-2: Foul Ball, location: 2F
2-2: Strikes out swinging
Top of the 5th over - 0 run(s), 1 hit(s), 0 error(s), 1 left on base; Utah 2 - Arizona State 5
BOTTOM OF THE 5TH
Arizona State Sun Devils batting - Pitching for Utah Utes : LHP Dave Elliott
Batting: RHB Tom Hicks 0-0: Ball
1-0: Foul Ball, location: 2F
1-1: Foul Ball, location: 2F
1-2: Ball
2-2: Fly out, F8 (Flyball, 78S)
Batting: RHB Michael Fisher 0-0: Ball
1-0: Called Strike
1-1: Ground out 6-3 (Groundball, 6M)
Batting: RHB Geoff Jackson 0-0: Ground out 5-3 (Groundball, 56S)
Bottom of the 5th over - 0 run(s), 0 hit(s), 0 error(s), 0 left on base; Utah 2 - Arizona State 5
TOP OF THE 6TH
Utah Utes batting - Pitching for Arizona State Sun Devils : LHP Andrew Caine
Batting: LHB Felipe Valino 0-0: SINGLE (Groundball, 2R) (infield hit)
Batting: LHB Max Hoskins 0-0: Ball
1-0: Ball
2-0: Swinging Strike
2-1: Swinging Strike
2-2: Strikes out swinging
Batting: LHB Phil Cantrell 0-0: Ball
1-0: Called Strike
1-1: Ball
2-1: Fly out, F7 (Flyball, 78XD)
Pitching: RHP Kevin Warren
Batting: LHB William Butler 0-0: Ball
1-0: Called Strike
1-1: Called Strike
1-2: DOUBLE (Line Drive, 8LM)
Felipe Valino to third
Batting: RHB Roy Baker 0-0: Ball
1-0: Swinging Strike
1-1: Called Strike
1-2: Strikes out looking
Top of the 6th over - 0 run(s), 2 hit(s), 0 error(s), 2 left on base; Utah 2 - Arizona State 5
BOTTOM OF THE 6TH
Arizona State Sun Devils batting - Pitching for Utah Utes : LHP Dave Elliott
Batting: RHB Dave King 0-0: Ball
1-0: Swinging Strike
1-1: Called Strike
1-2: Ball
2-2: Foul Ball, location: 2F
2-2: Foul Ball, location: 2F
2-2: Fly out, F9 (Flyball, 89XD)
Batting: LHB Derrick Simpson 0-0: Called Strike
0-1: Ball
1-1: Fly out, F6 (Popup, 56)
Batting: RHB Lance Rodríguez 0-0: Called Strike
0-1: Ball
1-1: Foul Ball, location: 2F
1-2: Foul Ball, location: 2F
1-2: Ball
2-2: Ball
3-2: DOUBLE (Line Drive, 78M)
Batting: LHB Bill Frazier 0-0: Foul Ball, location: 2F
0-1: Foul Ball, location: 2F
0-2: Strikes out looking
Bottom of the 6th over - 0 run(s), 1 hit(s), 0 error(s), 1 left on base; Utah 2 - Arizona State 5
TOP OF THE 7TH
Utah Utes batting - Pitching for Arizona State Sun Devils : RHP Kevin Warren
Batting: SHB George Wilder 0-0: Foul Ball, location: 2F
0-1: Ball
1-1: Ball
2-1: Ball
3-1: Base on Balls
Batting: RHB Danny Spode 0-0: Called Strike
0-1: Ball
1-1: Ball
2-1: Called Strike
2-2: Strikes out swinging
Batting: RHB Octávio Marín 0-0: Called Strike
0-1: Ball
1-1: Ball
2-1: Ball
3-1: Base on Balls
George Wilder to second
Batting: RHB Hunter Plunket 0-0: Ball
1-0: Swinging Strike
1-1: Ball
2-1: SINGLE (Groundball, 56D)
George Wilder to third
Octávio Marín to second
Batting: LHB Felipe Valino 0-0: Called Strike
0-1: Foul Ball, location: 2F
0-2: Ball
1-2: Foul Ball, location: 2F
1-2: Ball
2-2: Foul Ball, location: 2F
2-2: SINGLE (Line Drive, 4D)
George Wilder scores
Octávio Marín to third
Hunter Plunket to second
Pitching: RHP Héctor Mora
Batting: LHB Max Hoskins 0-0: Called Strike
0-1: Ball
1-1: Foul Ball, location: 2F
1-2: Strikes out swinging
Batting: LHB Phil Cantrell 0-0: Ball
1-0: Foul Ball, location: 2F
1-1: Ball
2-1: Ball
3-1: Foul Ball, location: 2F
3-2: SINGLE (Groundball, 34S) (infield hit)
Octávio Marín scores
Hunter Plunket to third
Felipe Valino to second
Batting: LHB William Butler 0-0: Ball
1-0: Foul Ball, location: 2F
1-1: Ball
2-1: Ground out 4-3 (Groundball, 4)
Top of the 7th over - 2 run(s), 3 hit(s), 0 error(s), 3 left on base; Utah 4 - Arizona State 5
BOTTOM OF THE 7TH
Arizona State Sun Devils batting - Pitching for Utah Utes : LHP Dave Elliott
Pitching: RHP Joe King
Batting: RHB Larry Booth 0-0: Ball
1-0: SOLO HOME RUN (Flyball, 9D), Distance : 359 ft
Batting: RHB Jeffrey Hicks 0-0: Ball
1-0: Ground out 5-3 (Groundball, 15S)
Batting: RHB Tom Hicks 0-0: Ball
1-0: Called Strike
1-1: Ball
2-1: Swinging Strike
2-2: Ground out 1-3 (Groundball, 15S)
Batting: RHB Michael Fisher 0-0: Ball
1-0: Called Strike
1-1: Called Strike
1-2: Ground out 1-3 (Groundball, 15)
Bottom of the 7th over - 1 run(s), 1 hit(s), 0 error(s), 0 left on base; Utah 4 - Arizona State 6
TOP OF THE 8TH
Utah Utes batting - Pitching for Arizona State Sun Devils : RHP Héctor Mora
Batting: RHB Roy Baker 0-0: Foul Ball, location: 2F
0-1: Foul Ball, location: 2F
0-2: Ball
1-2: Strikes out swinging
Batting: SHB George Wilder 0-0: Ball
1-0: Foul Ball, location: 2F
1-1: Ball
2-1: Foul Ball, location: 2F
2-2: DOUBLE (Flyball, 89D)
Pitching: RHP Jesse Mitchell
Batting: RHB Danny Spode 0-0: Ball
1-0: DOUBLE (Line Drive, 56D)
George Wilder scores
Batting: RHB Octávio Marín 0-0: Swinging Strike
0-1: Foul Ball, location: 2F
0-2: Ball
1-2: Foul Ball, location: 2F
1-2: Foul Ball, location: 2F
1-2: Strikes out swinging
Batting: RHB Hunter Plunket 0-0: Ball
1-0: Called Strike
1-1: Ball
2-1: Ball
3-1: Ground out 2-3 (Groundball, 2L)
Top of the 8th over - 1 run(s), 2 hit(s), 0 error(s), 1 left on base; Utah 5 - Arizona State 6
BOTTOM OF THE 8TH
Arizona State Sun Devils batting - Pitching for Utah Utes : RHP Joe King
Batting: RHB Geoff Jackson 0-0: Called Strike
0-1: Ball
1-1: Ball
2-1: Foul Ball, location: 2F
2-2: Ball
3-2: Foul Ball, location: 2F
3-2: Base on Balls
Batting: RHB Dave King 0-0: Foul Ball, location: 2F
0-1: Ball
1-1: Swinging Strike
1-2: Foul Ball, location: 2F
1-2: Grounds into double play, U6-3 (Groundball, 6M)
Batting: LHB Derrick Simpson 0-0: Ball
1-0: Foul Ball, location: 2F
1-1: Ball
2-1: Called Strike
2-2: Ball
3-2: Foul Ball, location: 2F
3-2: Base on Balls
Batting: RHB Lance Rodríguez 0-0: Called Strike
0-1: Ball
1-1: Swinging Strike
1-2: Ball
2-2: SINGLE (Groundball, 6)
Derrick Simpson to second
Derrick Simpson to third
Batting: LHB Bill Frazier 0-0: Foul Ball, location: 2F
0-1: SINGLE (Groundball, 34S)
Derrick Simpson scores
Lance Rodríguez to second
Runner from 2nd tries for 3rd, SAFE, throw made to third
Batting: RHB Larry Booth 0-0: Ball
1-0: SINGLE (Flyball, 89S)
Lance Rodríguez scores
Bill Frazier to second
Runner from 2nd tries for 3rd, OUT!
Bottom of the 8th over - 2 run(s), 3 hit(s), 0 error(s), 1 left on base; Utah 5 - Arizona State 8
TOP OF THE 9TH
Utah Utes batting - Pitching for Arizona State Sun Devils : RHP Jesse Mitchell
Pitching: LHP Jesús Trevino
Now at 1B: Kenny Holt
Batting: LHB Felipe Valino 0-0: Foul Ball, location: 2F
0-1: Ball
1-1: Swinging Strike
1-2: Strikes out swinging
Batting: LHB Max Hoskins 0-0: Called Strike
0-1: Ball
1-1: Ball
2-1: Ball
3-1: Called Strike
3-2: Base on Balls
Batting: LHB Phil Cantrell 0-0: Ball
1-0: Ball
2-0: Foul Ball, location: 2F
2-1: Ball
3-1: Base on Balls
Max Hoskins to second
Batting: LHB William Butler 0-0: Ball
1-0: Foul Ball, location: 2F
1-1: Fly out, F7 (Flyball, 78M)
1-1: Lined into DP, 7-4 (Flyball, 78M)
Top of the 9th over - 0 run(s), 0 hit(s), 0 error(s), 1 left on base; Utah 5 - Arizona State 8
This league is powered by Out of the Park Baseball, the baseball management simulation game for PC, Mac and Linux
Wednesday, December 2nd, 2015 - OOTP Baseball 16.8 Build 38